 Dungeon Crawl Stone Soup version 0.19.0-2-gae57169 (webtiles) character file.

30 cedor the Skirmisher (level 3, -4/29 HPs)
             Began as a Demonspawn Monk on Nov 6, 2016.
             Slain by kae's ghost (8 damage)
             ... while paralysed by Grinder
             ... on level 3 of the Dungeon.
             The game lasted 00:02:03 (332 turns).

cedor the Skirmisher (Demonspawn Monk)               Turns: 332, Time: 00:02:04

Health: -4/29      AC:  4    Str: 16    XL:     3   Next: 5%
Magic:  0/3        EV:  2    Int: 12    God:
Gold:   28         SH:  0    Dex: 15    Spells: 0 memorised, 2 levels left

rFire  . . .     SeeInvis .     b - +0 hunting sling
rCold  . . .     Gourm    .     h - +0 robe
rNeg   . . .     Faith    .     (no shield)
rPois  .         Spirit   +     (no helmet)
rElec  .         Reflect  .     (no cloak)
rCorr  .         Harm     .     (no gloves)
MR     .....                    (no boots)
Stlth  ++........               (no amulet)
                                (no ring)
                                (no ring)

@: paralysed, mighty
A: thin metallic scales 1, magic shield
a: no special abilities


You were on level 3 of the Dungeon.
You were not hungry.

You visited 1 branch of the dungeon, and saw 3 of its levels.

You collected 28 gold pieces.


Innate Abilities, Weirdness & Mutations

You are partially covered in thin metallic scales. (AC +2)
When hurt, damage is shared between your health and your magic reserves.


   Skills:
 + Level 3.2 Fighting
 * Level 3.1 Long Blades
 + Level 3.1 Dodging
 + Level 2.1 Stealth


You had 2 spell levels left.
You didn't know any spells.

Inventory:

Hand Weapons
 a - a +0 falchion
 b - a +0 hunting sling (weapon)
Missiles
 i - 39 stones (quivered)
Armour
 h - a +0 robe (worn)
Scrolls
 e - a scroll of fog {unknown}
 g - 2 scrolls of identify {unknown}
Comestibles
 c - 2 bread rations

Dungeon Overview and Level Annotations

Branches:
Dungeon (3/15)

Altars:
Nemelex Xobeh

Annotations:
D:3 Grinder; kae's ghost, amateur FoFi

▒.▒ ▒.▒
▒▒▒.▒▒▒▒▒▒▒
▒..<.......
......▒.▒▒▒▒▒▒▒
▒..▒▒ ▒.▒ . ▒[▒
▒.▒▒▒▒▒▒▒▒
▒...6W#..▒
▒........▒
▒▒▒▒▒▒▒▒.▒ ▒.▒▒
▒W.▒▒▒▒▒▒▒.▒
▒..........▒▒
▒▒............
▒▒▒▒▒▒▒▒▒▒▒▒▒


You could see kae's ghost.


Message History

i - 38 stones (gained 1) All of the chunks of flesh in your inventory have rotted away.
i - 39 stones (gained 1)
g - 2 scrolls labeled DOENYS YRHYSAN (gained 1) Grinder comes into view.
Kae's ghost (amateur Formicid Fighter) comes into view.
Grinder shouts!
Grinder gestures at you.
You suddenly lose the ability to move!
Grinder blinks!
Kae's ghost turns its malevolent gaze towards you.
You can move again.
Grinder gestures at you.
You shrug off the repeated paralysis!
Grinder hits you. Grinder barely misses you. Grinder hits you.
You writhe in agony.
Grinder hits you.
You writhe in agony.
* * * LOW HITPOINT WARNING * * *
Grinder gestures at you. Pain shoots through your body!
* * * LOW HITPOINT WARNING * * *
It was a potion of might.
You feel very mighty all of a sudden. Grinder gestures at you.
You suddenly lose the ability to move!
Grinder gestures at you. You resist with significant effort.
Grinder blinks!
Kae's ghost hits you!
You die...

Action                   || total
-------------------------++-------
Melee: Falchion          ||    10
 Fire: Hunting sling     ||     6
  Use: Potion            ||     1
Armor: Robe              ||     1
Dodge: Dodged            ||    11
       Rpst.: Falchion   ||     1

Vault maps used:
D:1:      scummos_arrival_checkerplants, serial_park_tiny_1
D:2:      first_bread, nemelex_spade_bored_becter
D:3:      nicolae_overflow_hidden_temple, minitemple,
          minmay_misc_feat_more_columns, minmay_misc_feat_four_crosses,
          uniq_grinder, uniq_jessica

Notes
Turn   | Place    | Note
-------+----------+-------------------------------------------
     0 | D:1      | cedor the Demonspawn Monk began the quest for the Orb.
     0 | D:1      | Reached XP level 1. HP: 18/18 MP: 1/1
   274 | D:2      | Found a sparkling altar of Nemelex Xobeh.
   286 | D:3      | Noticed Jessica
   289 | D:3      | Killed Jessica
   289 | D:3      | Reached skill level 3 in Long Blades
   289 | D:3      | Reached skill level 3 in Dodging
   289 | D:3      | Reached skill level 2 in Stealth
   289 | D:3      | Gained mutation: You are partially covered in thin metallic scales. (AC +2) [demonic ancestry]
   289 | D:3      | Reached XP level 2. HP: 24/24 MP: 2/2
   289 | D:3      | Gained mutation: When hurt, damage is shared between your health and your magic reserves. [demonic ancestry]
   289 | D:3      | Reached XP level 3. HP: 29/29 MP: 3/3
   311 | D:3      | Noticed Grinder
   312 | D:3      | Noticed kae's ghost (amateur FoFi)
   314 | D:3      | Paralysed by Grinder for 5 turns
   330 | D:3      | Paralysed by Grinder for 5 turns
   332 | D:3      | Slain by kae's ghost

Vanquished Creatures
  Jessica (D:3)
  2 goblins (D:2)
  2 frilled lizards
  A rat (D:2)
6 creatures vanquished.
